 Dungeon Crawl Stone Soup version 0.26-a0-20-g5f92b90fa0 (webtiles) character file.

Game seed: 11248845832485680837, levelgen mode: deterministic

159 grindst0ne the Sneak (level 5, -5/25 HPs)
             Began as a Spriggan Assassin on May 25, 2020.
             Killed by nerve-wracking pain
             ... invoked by Grinder
              (11 damage)
             ... on level 4 of the Dungeon.
             The game lasted 00:04:38 (2494 turns).

grindst0ne the Sneak (Spriggan Assassin)            Turns: 2494, Time: 00:04:39

Health: -5/25      AC:  3    Str:  7    XL:     5   Next: 17%
Magic:  6/6        EV: 20    Int: 12    God:
Gold:   158        SH:  0    Dex: 19    Spells: 4/4 levels left

rFire    + . .     SeeInvis +   a - +2 dagger
rCold    . . .     Gourm    .   (shield restricted)
rNeg     . . .     Faith    .   b - +0 robe
rPois    .         Spirit   .   (helmet restricted)
rElec    .         Reflect  .   c - +0 cloak
rCorr    .         Harm     .   (gloves unavailable)
MR       .....                  (boots unavailable)
Stlth    ++++......             q - amulet of inaccuracy (curse)
HPRegen  0.08/turn              p - ring of protection from fire
MPRegen  0.10/turn              (no ring)

@: very quick
A: very small, unfitting armour, see invisible, herbivore, speed 3, slow
metabolism 2
a: no special abilities


You were on level 4 of the Dungeon.
You were not hungry.

You visited 1 branch of the dungeon, and saw 4 of its levels.

You collected 158 gold pieces.

Inventory:

Hand Weapons
 a - a +2 dagger (weapon)
Missiles
 d - 13 poisoned darts (quivered)
 n - 6 atropa-tipped darts
Armour
 b - a +0 robe (worn)
 c - a +0 cloak (worn)
Jewellery
 p - a ring of protection from fire (left hand)
 q - a cursed amulet of inaccuracy (around neck)
Wands
 o - a wand of polymorph (9)
Scrolls
 j - a scroll of fog
Potions
 g - 2 potions of curing {unknown}
 h - a potion of magic {unknown}
 k - a potion of haste {unknown}
Comestibles
 f - 8 rations


   Skills:
 - Level 1.5 Fighting
 + Level 3.8 Short Blades
 - Level 2.0 Throwing
 + Level 4.4 Dodging
 + Level 7.4 Stealth


You had 4 spell levels left.
You didn't know any spells.
Your spell library was empty.

Dungeon Overview and Level Annotations

Branches:
Dungeon (4/15)             Temple (0/1) D:4

Altars:
Vehumet

Annotations:
D:4 Grinder


Innate Abilities, Weirdness & Mutations

You are very small and have problems with some larger weapons.
You are too small for most types of armour.
You have supernaturally acute eyesight. (SInv)
You are a herbivore.
You cover ground extremely quickly.
You need to consume almost no food.


Message History

Aim: Grinder (almost dead)
You throw a curare-tipped dart. The curare-tipped dart hits Grinder.
Grinder is almost dead.
The orc closely misses you. Grinder gestures at you.
You resist with some effort.
Throwing (i - inventory. (/) - cycle)
d - 15 poisoned darts (quivered)
Press: ? - help, Shift-Dir - straight line, f/p - Grinder
Aim: Grinder (almost dead)
You throw a poisoned dart. The poisoned dart misses Grinder.
The orc misses you. Grinder closely misses you.
Throwing (i - inventory. (/) - cycle)
d - 14 poisoned darts (quivered)
Press: ? - help, Shift-Dir - straight line, f/p - Grinder
Aim: Grinder (almost dead)
You throw a poisoned dart. The poisoned dart hits Grinder.
Grinder is almost dead.
The orc barely misses you. Grinder gestures at you.
Pain shoots through your body!
You die...

.......≈≈≈≈≈≈≈≈≈,,,,,,,* ***,,**,
.....≈≈≈≈≈≈≈≈≈≈≈≈≈....,* **,,,,
#...≈≈≈≈≈≈≈≈≈≈≈≈≈≈≈..*,** ***,,
##..≈≈≈≈≈≈...≈≈≈≈≈≈.#*,.*******,,
##.≈≈≈≈≈≈.>........#*..,**,,,***
##.≈≈≈≈≈≈...≈≈≈≈≈≈$#...,,,,,,,**
#...≈≈≈≈≈≈≈≈≈≈≈≈≈......,,,,,,,,*
##.....≈≈≈≈≈≈≈≈≈........,,,,,,,,*
.........≈≈≈≈≈..@.......,,,,,,,,*
..#............o5...#...,,,,,,,**
.#######...##...(..##*,,,**,,,**
.# #...######### ********** .#
##### ##


You could see Grinder and an orc.

Vanquished Creatures
  Crazy Yiuf (D:2)
  An iguana (D:4)
  A worker ant (D:4)
  A howler monkey skeleton (D:4)
  3 adders
  A worm (D:3)
  A leopard gecko (D:3)
  An orc (D:3)
  A giant cockroach (D:2)
  3 goblins
  7 hobgoblins
  5 kobolds (D:1)
  2 quokkas
  A ball python (D:2)
  4 bats
  3 frilled lizards
  7 rats
43 creatures vanquished.

Notes
Turn   | Place    | Note
-------+----------+-------------------------------------------
     0 | D:1      | grindst0ne the Spriggan Assassin began the quest for the
                  | Orb.
     0 | D:1      | Reached XP level 1. HP: 10/10 MP: 2/2
    55 | D:1      | Reached skill level 6 in Stealth
   667 | D:1      | Reached XP level 2. HP: 14/14 MP: 3/3
  1074 | D:2      | Reached XP level 3. HP: 18/18 MP: 4/4
  1344 | D:2      | Found a runed translucent door.
  1345 | D:2      | Noticed Crazy Yiuf
  1358 | D:2      | Killed Crazy Yiuf
  1358 | D:2      | Reached XP level 4. HP: 22/22 MP: 5/5
  1770 | D:3      | Reached skill level 7 in Stealth
  2058 | D:3      | Found a radiant altar of Vehumet.
  2203 | D:4      | Reached XP level 5. HP: 6/25 MP: 6/6
  2464 | D:4      | Found a staircase to the Ecumenical Temple.
  2469 | D:4      | Noticed Grinder
  2494 | D:4      | Killed from afar by Grinder

Illustrated notes

Levels and vault maps discovered:
D:1:      scummos_arrival_star, layout_basic, minmay_misc_feat_four_crosses
D:2:      layout_loops_ring, first_ration, uniq_crazy_yiuf_cottage
D:3:      layout_basic, marbit_many_paths
D:4:      layout_rooms, temple_pool_b, kennysheep_pointless_box, uniq_ijyb,
          uniq_eustachio, uniq_grinder

Skill      XL: |  1  2  3  4 |
---------------+-------------+-----
Stealth        | 6 7 |  7.4
Dodging        | 2 3 4 |  4.4
Short Blades   | 3 |  3.8
Fighting       | |  1.5
Throwing       | |  2.0

Action                   |  1- 3 |  4- 6 || total
-------------------------+-------+-------++-------
Melee: Dagger            |    38 |    87 ||   125
Throw: Dart              |    14 |    20 ||    34
  Use: Scroll            |       |     3 ||     3
 Stab: Sleeping          |    18 |     4 ||    22
       Invisible         |       |     1 ||     1
Armor: Robe              |     2 |     9 ||    11
Dodge: Dodged            |    18 |    59 ||    77

Table legend:
 A = Non-vault XP
 B = Vault XP
 C = Vault XP percentage of total XP
 D = Non-vault monster count
 E = Vault monster count
 F = Vault count percentage of total count
                 A         B        C        D         E       F
            +---------+---------+-------+---------+---------+-------
      Total |     182 |      46 |  20.2 |      41 |       2 |   4.7
            +---------+---------+-------+---------+---------+-------
        D:1 |      20 |       0 |   0.0 |      13 |       0 |   0.0
        D:2 |      45 |      44 |  49.4 |      15 |       1 |   6.2
        D:3 |      34 |       2 |   5.6 |      10 |       1 |   9.1
        D:4 |      83 |       0 |   0.0 |       3 |       0 |   0.0
            +---------+---------+-------+---------+---------+-------
